 Dungeon Crawl Stone Soup version 0.17.0-28-g6e173f8 (webtiles) character file.

111 gorblad the Magician (level 4, -2/32 HPs)
             Began as a Merfolk Transmuter on Dec 3, 2015.
             Was an Initiate of Elyvilon.
             Slain by Robin
             ... wielding a +0 club
              (4 damage)
             ... on level 3 of the Dungeon.
             The game lasted 00:07:13 (1980 turns).

gorblad the Magician (Merfolk Transmuter)           Turns: 1980, Time: 00:07:14

Health: -2/32      AC:  2    Str: 10    XL:     4   Next: 92%
Magic:  10/10      EV: 13    Int: 18    God:    Elyvilon [......]
Gold:   98         SH:  0    Dex: 14    Spells: 2 memorised, 8 levels left

rFire  . . .     SeeInvis .     n - +0 falchion
rCold  . . .     Clarity  .     b - +0 robe
rNeg   . . .     SustAt   .     (no shield)
rPois  .         Gourm    .     (no helmet)
rElec  .         Spirit   .     (no cloak)
rCorr  .         Warding  .     (no gloves)
rMut   .         Stasis   .     (no boots)
MR     .....                    (no amulet)
Stlth  +.........               (no ring)
                                (no ring)

@: brilliant, appendage, not resistant to hostile enchantments, very unstealthy
A: change form in water, swift swim, horns 2
a: End Transformation, Renounce Religion


You were on level 3 of the Dungeon.
You worshipped Elyvilon.
Elyvilon was noncommittal.
You were not hungry.
You had grown temporary horns.
You visited 1 branch of the dungeon, and saw 3 of its levels.

You collected 98 gold pieces.

Inventory:

Hand Weapons
 n - a +0 falchion (weapon)
Missiles
 a - 12 arrows
Armour
 b - a +0 robe (worn)
Wands
 l - a wand of draining (5)
Potions
 e - 2 potions of lignification {unknown}
 f - 2 potions of might {unknown}
 g - 2 potions of brilliance
 i - 2 potions of poison {unknown}
Books
 c - a book of Changes

   Spells                             Type                      Level
   a - Beastly Appendage              Transmutation                1
   b - Sticks to Snakes               Transmutation                2
   c - Spider Form                    Transmutation/Poison         3
   d - Ice Form                       Ice/Transmutation            4
   e - Blade Hands                    Transmutation                5
Comestibles
 d - 3 bread rations
 h - a slice of pizza
 j - 4 fruits
 m - 2 meat rations


   Skills:
 - Level 1.1 Fighting
 - Level 2.6 Dodging
 - Level 3.2 Unarmed Combat
 + Level 4.5 Spellcasting
 - Level 2.6 Transmutations


You had 8 spell levels left.
You knew the following spells:

 Your Spells              Type           Power        Failure   Level  Hunger
a - Beastly Appendage     Trmt           ###...       1%          1    None
b - Spider Form           Trmt/Pois      ###.......   3%          3    ###....


Dungeon Overview and Level Annotations

Branches:
Dungeon (3/15)

Altars:
Elyvilon

Annotations:
D:3 Robin


Innate Abilities, Weirdness & Mutations

You revert to your normal form in water.
You are very nimble and swift while swimming.
You have a pair of horns on your head.


Message History

The goblin hits you but does no damage.
Robin flexes a bicep menacingly.
Robin roars a battlecry!
Robin zaps a wand.
The magic dart hits you!
* * * LOW HITPOINT WARNING * * *
The goblin barely misses you. x2
The hobgoblin hits you with a club.
* * * LOW HITPOINT WARNING * * *
A goblin comes into view.
Drink which item? (? for menu, Esc to quit)
You don't have any such object.
Drink which item? (? for menu, Esc to quit)
You don't have any such object.
Drink which item? (? for menu, Esc to quit)
Okay, then.
Drink which item? (? for menu, Esc to quit)
It was a potion of brilliance.
You feel clever all of a sudden. Robin hits you with a club.
You die...

#.....####.# #.....#
#.# ####### #.#
####### #.# # #.....#
#.# #g
##.....######.# ##.#
##....<........#
#.gg##.#.....########
#g@g.#.....#
#..g##.#####)# ####
##.###.## ##...##
#####


You could see Robin, a hobgoblin (frenzied) and 4 goblins.

Vanquished Creatures
  Jessica (D:3)
  Terence (D:3)
  An adder (D:3)
  An ooze (D:1)
  A worm (D:2)
  A giant cockroach (D:1)
  6 goblins
  5 hobgoblins
  A quokka (D:2)
  A ball python (D:3)
  4 bats
  2 giant newts
  6 jackals (D:2)
  8 kobolds
  5 rats
44 creatures vanquished.

Notes
Turn   | Place    | Note
--------------------------------------------------------------
     0 | D:1      | gorblad the Merfolk Transmuter began the quest for the Orb.
     0 | D:1      | Reached XP level 1. HP: 15/15 MP: 3/3
   185 | D:1      | Reached XP level 2. HP: 9/21 MP: 2/5
   792 | D:1      | Reached XP level 3. HP: 24/26 MP: 7/7
  1188 | D:2      | Found a white marble altar of Elyvilon.
  1220 | D:2      | Became a worshipper of Elyvilon the Healer
  1594 | D:2      | Learned a level 3 spell: Spider Form
  1596 | D:3      | Found a faded altar to an unknown god.
  1642 | D:3      | Noticed Terence
  1655 | D:3      | Reached XP level 4. HP: 16/32 MP: 9/9
  1661 | D:3      | Killed Terence
  1661 | D:3      | Reached skill level 4 in Spellcasting
  1722 | D:3      | Noticed Jessica
  1735 | D:3      | Killed Jessica
  1974 | D:3      | Noticed Robin
  1980 | D:3      | Slain by Robin

Action                   |  1- 3 |  4- 6 || total
-------------------------+-------+-------++-------
Melee: Unarmed           |   115 |       ||   115
       Falchion          |    17 |    23 ||    40
 Cast: Beastly Appendage |    17 |     3 ||    20
  Use: Scroll            |     9 |       ||     9
       Potion            |     1 |     3 ||     4
  Eat: Chunk             |     3 |     1 ||     4
